Map: Pillars of Gold LE

Players

DPGRogue (Rogue) - Winner!

  • Race: Zerg Zerg
  • Spawn Location: 1:00

DPGCure (Cure)

  • Race: Terran Terran
  • League: Master
  • Spawn Location: 7:00

Event: StayAtHome Story Cup #3

VOD

Have the link to the VOD?

Description

Time

  • Played on: March 13, 2021, 8:36 a.m.
  • Length: 11:29

All games in this series

Show
View Real Time Build Order
Export as new Build Order

DPGRogue Zerg - Winner!

Build Orders: Hatch First, Muta Ling Bane 

Get SALT Encoding   

  12  0:00  Drone  
  13  0:13  Overlord  
  13  0:17  Drone  
  14  0:31  Drone x2  
  16  0:50  Hatchery  
  16  0:52  Drone  
  16  0:56  Drone  
  17  1:00  Drone  
  18  1:09  Extractor  
  17  1:15  Spawning Pool  
  16  1:18  Drone  
  16  1:22  Drone  
  18  1:29  Drone  
  19  1:39  Drone  
  20  1:50  Drone  
  21  2:02  Queen x2  
  21  2:03  Zergling x4  
  27  2:12  Overlord  
  27  2:15  Zergling x2  
  28  2:26  Hatchery  
  28  2:28  Drone  
  28  2:34  Drone  
  28  2:39  Drone x2  
  30  2:44  Queen  
  30  2:48  Metabolic Boost  
  32  2:55  Overlord  
  32  2:58  Drone  
  33  2:59  Drone  
  33  3:02  Drone  
  35  3:15  Drone  
  35  3:16  Drone x4  
  40  3:20  Queen  
  40  3:24  Overlord  
  40  3:26  Drone  
  43  3:38  Drone, Queen  
  43  3:39  Drone x2  
  48  3:44  Queen  
  48  3:48  Drone x2  
  52  3:53  Drone x4  
  56  3:59  Baneling Nest  
  55  4:03  Drone x2  
  55  4:04  Drone  
  55  4:06  Overlord  
  57  4:11  Overlord  
  57  4:21  Overlord  
  57  4:24  Queen  
  57  4:26  Zergling x2  
  57  4:27  Zergling x6  
  57  4:28  Overlord  
  57  4:30  Drone x3  
  66  4:32  Drone x2  
  66  4:35  Overlord  
  68  4:42  Drone x2  
  68  4:43  Drone  
  71  4:46  Drone x4, Spore Crawler  
  71  4:51  Spore Crawler  
  73  4:53  Lair  
  73  4:55  Spore Crawler  
  73  4:56  Drone x2  
  73  4:58  Drone  
  73  4:59  Drone  
  76  5:01  Drone, Extractor  
  76  5:05  Extractor  
  76  5:06  Extractor, Spore Crawler  
  73  5:07  Drone x2  
  73  5:08  Drone  
  73  5:11  Drone x2  
  73  5:12  Drone  
  79  5:17  Extractor, Zergling x6  
  79  5:18  Extractor  
  80  5:22  Drone x2  
  80  5:25  Drone  
  84  5:28  Drone x3  
  84  5:30  Drone  
  87  5:36  Drone x2  
  87  5:38  Overlord x2  
  89  5:44  Overlord  
  89  5:49  Overlord  
  89  5:54  Drone  
  89  5:55  Overlord  
  89  5:56  Spire  
  89  5:57  Drone x4  
  89  5:58  Evolution Chamber  
  89  5:59  Evolution Chamber  
  91  6:07  Hatchery  
  91  6:10  Zergling x14  
  91  6:11  Zergling x2  
  98  6:16  Overlord  
  98  6:18  Zergling x2  
  99  6:20  Centrifical Hooks  
  99  6:25  Zergling x8  
  103  6:33  Baneling  
  103  6:34  Baneling x5  
  103  6:39  Drone  
  103  6:40  Hatchery, Drone, Zergling x6  
  103  6:41  Zergling x4  
  103  6:42  Zergling x2  
  109  6:48  Zergling x8  
  109  6:51  Overlord  
  109  7:02  Drone x3  
  109  7:03  Drone  
  113  7:08  Overlord  
  113  7:13  Mutalisk x4  
  113  7:14  Mutalisk x4  
  128  7:20  Mutalisk x3  
  134  7:24  Mutalisk  
  134  7:25  Mutalisk  
  137  7:32  Drone x5  
  137  7:36  Drone x2  
  137  7:37  Drone  
  144  7:43  Zerg Ground Armor Level 1  
  144  7:44  Zerg Melee Weapons Level 1  
  139  7:46  Zergling x8  
  143  7:54  Zerg Flyer Weapons Level 1  
  143  7:56  Hatchery, Baneling x5  
  143  7:57  Baneling x4  
  143  7:58  Zergling x8  
  143  8:02  Zergling x8  
  143  8:04  Zergling x2  
  150  8:07  Baneling x7  
  150  8:10  Zergling x2  
  151  8:19  Zergling x8  
  144  8:20  Zergling x12  
  132  8:29  Mutalisk x3  
  132  8:30  Zergling x8  
  132  8:32  Queen x2  
  132  8:33  Drone x3  
  143  8:35  Drone x2  
  143  8:38  Mutalisk x2  
  146  8:43  Drone x5  
  146  8:48  Mutalisk  
  151  8:52  Zergling x2  
  151  8:53  Extractor  
  151  8:54  Mutalisk  
  154  8:56  Zergling x6  
  154  9:01  Zergling x2  
  156  9:03  Queen x2  
  156  9:04  Overlord  
  156  9:07  Extractor  
  156  9:08  Baneling x2  
  156  9:09  Baneling x10  
  159  9:13  Zergling x14  
  159  9:14  Overlord  
  167  9:17  Zergling x2  
  167  9:23  Drone x4  
  171  9:32  Overseer x3  
  171  9:33  Pneumatized Carapace  
  171  9:36  Zergling x4  
  171  9:37  Hatchery, Zergling x12  
  174  9:39  Drone x2  
  174  9:42  Drone  
  174  9:43  Drone x2  
  178  10:00  Zergling x12  
  178  10:01  Zergling x8, Infestation Pit  
  178  10:04  Zergling x2, Burrow  
  188  10:09  Overlord  
  188  10:10  Extractor  
  188  10:11  Baneling x8  
  188  10:13  Zergling x2  
  188  10:16  Overlord  
  188  10:20  Overlord  
  188  10:21  Overlord  
  188  10:28  Baneling x5  
  187  10:29  Baneling x16  
  187  10:30  Baneling, Overlord  
  187  10:31  Zergling x2  
  181  10:38  Zergling x2  
  181  10:39  Zergling x22  
  181  10:41  Baneling x9  
  191  10:45  Zergling x16  
  191  10:48  Zergling x2  
  191  10:49  Zergling x8  
  198  10:52  Zergling x2  
  195  10:57  Baneling x3  
  195  10:58  Baneling x7  
  195  10:59  Zergling x2  
  194  11:04  Zergling x2  
  194  11:05  Zergling x10  
Show
View Real Time Build Order
Export as new Build Order

DPGCure Terran 

Build Orders: Reaper Expand, Hellion Banshee 

Get SALT Encoding   

  12  0:00  SCV  
  13  0:12  SCV  
  14  0:17  Supply Depot  
  14  0:24  SCV  
  15  0:39  SCV  
  15  0:40  Barracks  
  16  0:44  Refinery  
  16  0:51  SCV  
  17  1:03  SCV  
  18  1:15  SCV  
  19  1:27  Reaper, Orbital Command  
  20  1:41  Command Center  
  20  1:51  Supply Depot  
  20  1:53  SCV  
  21  1:59  Marine  
  22  2:06  SCV  
  23  2:15  Factory  
  23  2:18  SCV  
  23  2:22  Barracks Reactor  
  24  2:30  SCV  
  25  2:42  SCV  
  26  2:44  Command Center  
  26  2:54  Orbital Command  
  26  2:56  SCV  
  27  3:03  Starport  
  27  3:08  SCV  
  27  3:10  Refinery  
  28  3:19  Hellion x2  
  32  3:21  SCV  
  32  3:23  Barracks Tech Lab  
  32  3:25  SCV  
  34  3:33  SCV  
  35  3:38  SCV  
  35  3:41  Hellion x2  
  40  3:46  SCV, Banshee  
  44  3:49  Marine  
  44  3:50  SCV  
  46  3:56  Orbital Command  
  46  3:58  SCV  
  46  4:02  SCV  
  48  4:09  Hellion x2  
  52  4:12  SCV  
  52  4:14  Barracks Tech Lab, SCV  
  54  4:19  Supply Depot  
  54  4:21  SCV  
  55  4:24  SCV  
  55  4:26  SCV  
  60  4:33  SCV  
  60  4:34  Marine, Stimpack  
  60  4:36  SCV  
  60  4:38  SCV, Barracks  
  61  4:40  Factory Reactor  
  61  4:42  Refinery, Barracks  
  61  4:45  Starport Reactor  
  61  4:46  SCV  
  61  4:47  Refinery  
  61  4:48  SCV  
  61  4:50  SCV  
  61  4:52  Marine  
  65  4:55  Supply Depot  
  65  4:59  Orbital Command  
  65  5:01  Supply Depot  
  65  5:02  SCV, Engineering Bay  
  65  5:03  SCV, Engineering Bay  
  67  5:10  Marine  
  68  5:14  SCV  
  68  5:16  SCV  
  68  5:19  Supply Depot  
  70  5:27  SCV x2  
  72  5:28  SCV  
  72  5:30  Marine  
  72  5:31  Terran Infantry Armor Level 1, Marine x2, Terran Infantry Weapons Level 1  
  72  5:33  Supply Depot  
  76  5:35  Marine  
  76  5:36  Marine, Medivac  
  76  5:39  SCV x2  
  76  5:40  SCV  
  83  5:43  Medivac  
  83  5:44  Siege Tank  
  87  5:51  SCV x2  
  87  5:53  Marine x2  
  87  5:54  Marine x2  
  87  5:55  Marine  
  94  6:03  Supply Depot  
  94  6:04  Supply Depot  
  94  6:05  SCV x3  
  97  6:14  Combat Shield  
  97  6:16  Barracks, Siege Tank  
  97  6:18  Barracks, Marine  
  100  6:25  Marine x4  
  105  6:26  Supply Depot  
  105  6:31  SCV x2, Supply Depot  
  107  6:33  SCV  
  107  6:39  Armory  
  108  6:48  SCV x3, Marine x2  
  108  6:49  Marine x3  
  116  6:57  Siege Tank  
  116  7:00  SCV x3  
  116  7:02  Medivac x2  
  116  7:05  Refinery x2  
  116  7:06  Barracks Reactor x2  
  120  7:15  Marine x5  
  125  7:29  Siege Tank  
  116  7:37  SCV x3  
  116  7:42  Marine x6  
  124  7:50  Marine x3  
  127  7:54  Terran Infantry Armor Level 2, Terran Infantry Weapons Level 2  
  127  7:55  SCV  
  127  7:56  SCV x2  
  130  8:00  Marine  
  130  8:01  Missile Turret  
  130  8:05  Siege Tank, Missile Turret, Supply Depot x2  
  132  8:06  Marine  
  132  8:08  Marine x2  
  132  8:09  Marine x2, Missile Turret  
  132  8:11  Marine  
  129  8:20  Marine x3  
  129  8:24  Marine  
  129  8:26  Orbital Command, Marine x2  
  128  8:31  Marine x3  
  115  8:37  Siege Tank  
  115  8:38  Marine  
  118  8:41  Marine x2  
  118  8:42  Marine  
  118  8:44  Marine, Medivac x2  
  118  8:48  SCV x2  
  118  8:50  Marine x4  
  118  8:53  SCV  
  113  9:00  SCV x2  
  113  9:02  Marine x4  
  119  9:04  Missile Turret  
  119  9:05  SCV, Marine  
  119  9:12  SCV x2  
  119  9:14  Marine x4  
  125  9:20  Marine x2  
  125  9:21  Medivac x2, Siege Tank  
  131  9:26  Marine x3  
  131  9:30  Supply Depot  
  134  9:32  Marine  
  134  9:34  Supply Depot  
  134  9:38  Marine x5  
  140  9:43  Marine x2  
  140  9:44  Marine  
  143  9:50  Marine  
  143  9:52  Medivac x2  
  148  9:53  Siege Tank  
  148  9:55  Marine x2, Supply Depot x2  
  148  9:57  Marine x3  
  156  10:06  Marine x3  
  159  10:07  Marine  
  159  10:12  Supply Depot  
  159  10:13  Marine x2, Supply Depot  
  162  10:15  Marine x3  
  165  10:24  Marine  
  165  10:25  Medivac x2  
  170  10:33  Marine x4  
  170  10:34  Marine x2  
  143  10:44  SCV x3  
  143  10:45  Marine x3  
  139  10:51  Marine  
  139  10:54  Marine x3  
  130  11:05  Missile Turret  
Tags
 
Add a new tag
Caveats
  • Supply blocks, unpowered buildings, or Contaminate may cause inaccurate times.
  • Supply counts are checked every 10 seconds.